 Dungeon Crawl Stone Soup version 0.31.0-11-ge490571c62 (webtiles) character file.

Game seed: 7740357000694703943

20 PriceMaster the Magician (level 2, -2/17 HPs)
             Began as an Octopode Hedge Wizard on Jan 26, 2024.
             Slain by a gnoll
             ... wielding a +0 spear
              (7 damage)
             ... on level 1 of the Dungeon.
             The game lasted 00:00:51 (900 turns).

PriceMaster the Magician (Octopode Hedge Wizard)     Turns: 900, Time: 00:00:52

Health: -2/17      AC:  1    Str:  9    XL:     2   Next: 79%
Magic:  3/6        EV: 13    Int: 16    God:
Gold:   28         SH:  0    Dex: 11    Spells: 4/7 levels left

rFire   . . .        a - +0 dagger
rCold   . . .        (no shield)
rNeg    . . .        b - +0 hat
rPois   .            (no amulet)
rElec   .            (no ring)
rCorr   .            (no ring)
SInv    .            (no ring)
Will    .....        (no ring)
Stlth   +++          (no ring)
HPRegen 0.22/turn    (no ring)
MPRegen 0.10/turn    (no ring)
                     (no ring)

%: no passive effects
@: on blink cooldown
A: almost no armour, amphibious, 8 rings, camouflage 1, gelatinous body 1,
(nimble swimmer 1), tentacles
a: no special abilities


You were on level 1 of the Dungeon.
You visited 1 branch of the dungeon, and saw 1 of its levels.

You collected 28 gold pieces.

Inventory:

Hand Weapons
 a - a +0 dagger (weapon)
Armour
 b - a +0 hat (worn)
Potions
 c - a potion of magic
 d - a potion of invisibility {unknown}


   Skills:
 + Level 0.1 Fighting
 + Level 0.3 Short Blades
 + Level 2.1 Dodging
 + Level 3.1 Stealth
 + Level 3.4 Spellcasting
 + Level 1.1 Conjurations
 + Level 1.0 Summonings
 + Level 1.0 Translocations


You had 4 spell levels left.
You knew the following spells:

 Your Spells              Type           Power      Damage    Failure   Level
a - Magic Dart            Conj           24%        1d4       11%         1
b - Blink                 Tloc           12%        N/A       19%         2

Your spell library contained the following spells:

 Spells                   Type           Power      Damage    Failure   Level
 Slow                     Hex            8%         N/A       19%         1
 Call Imp                 Summ           12%        N/A       19%         2
 Cigotuvi's Dreadful Rot  Necr/Alch/Air  4%         N/A       26%         2
 Mephitic Cloud           Conj/Alch/Air  4%         N/A       41%         3


Dungeon Overview and Level Annotations

Branches:
Dungeon (1/15)

Altars:


Innate Abilities, Weirdness & Mutations

You cannot wear most types of armour.
You are amphibious.
You can wear up to eight rings at the same time.
Your skin changes colour to match your surroundings (Stealth+).
Your rubbery body absorbs attacks. (AC +1, EV +1)
((You are camouflaged when in or above water. (Stealth+)))
You have tentacles for arms and can constrict up to eight enemies at once.


Message History

There is an open door here.
You now have 26 gold pieces (gained 2).
You now have 28 gold pieces (gained 2).
A quokka comes into view.
A quokka is nearby!
A quokka is nearby!
The quokka twitches its whiskers.
Aiming: Magic Dart (safe; 11% risk of failure)
Press: ? - help, Q - select action, (/) - cycle Shift-Dir - straight line, f - quokka
Aim: a quokka (100% to hit)
The magic dart hits the quokka.
The quokka is severely wounded.
Aiming: Magic Dart (safe; 11% risk of failure)
Press: ? - help, Q - select action, (/) - cycle Shift-Dir - straight line, f/p - quokka
Aim: a quokka (severely wounded, 100% to hit)
The magic dart hits the quokka.
You kill the quokka!
You see here a quokka corpse.
A gnoll comes into view. It is wielding a +0 spear.
The gnoll shouts!
The gnoll hits you from afar with a +0 spear!
A gnoll is nearby!
A gnoll is nearby!
Aiming: Magic Dart (safe; 11% risk of failure)
Press: ? - help, Q - select action, (/) - cycle Shift-Dir - straight line, f - gnoll
Aim: a gnoll, wielding a +0 spear (100% to hit)
The magic dart hits the gnoll.
The gnoll is moderately wounded.
The gnoll hits you from afar with a +0 spear.
* * * LOW HITPOINT WARNING * * *
Casting: Magic Dart (safe; 11% risk of failure)
Confirm with . or Enter, or press ? or * to list all spells.
You don't know that spell.
Casting: Magic Dart (safe; 11% risk of failure)
Confirm with . or Enter, or press ? or * to list all spells.
You blink.
Unknown command.
The gnoll attacks as it pursues you!
The gnoll hits you from afar with a +0 spear!
You die...

+.†........
####....### ##.#.# #
#.#.# # #.#.# # #+#
#.#.### #.# #......
.#######.#### ###.###
.......@....# #.#
.##.###..g#.########.#
#...§...........#
##...#.########.#
##.##.# #.#
##.####.##.# #.#
...........# #.#
#######.#### #.# #.#
######'###


You could see a gnoll.

Vanquished Creatures
  An endoplasm (D:1)
  A giant cockroach (D:1)
  2 hobgoblins (D:1)
  2 jackals (D:1)
  3 kobolds (D:1)
  3 quokkas (D:1)
  3 bats (D:1)
  A frilled lizard (D:1)
  A rat (D:1)
17 creatures vanquished.

Notes
Turn   | Place    | Note
-------+----------+-------------------------------------------
     0 | D:1      | PriceMaster the Octopode Hedge Wizard began the quest for
                  | the Orb.
     0 | D:1      | Reached XP level 1. HP: 11/11 MP: 4/4
   160 | D:1      | Reached XP level 2. HP: 2/17 MP: 0/6
   330 | D:1      | Learned a level 2 spell: Blink
   900 | D:1      | Slain by a gnoll

Illustrated notes

Levels and vault maps discovered:
D:1:      psy_arrival_statuary, layout_loops_corners, minmay_misc_feat_rows

Skill      XL: |  1  2 |
---------------+-------+-----
Stealth        | 3 |  3.1
Fighting       | |  0.1
Short Blades   | |  0.3
Dodging        | |  2.1
Spellcasting   | |  3.4
Conjurations   | |  1.1
Summonings     | |  1.0
Translocations | |  1.0

Action                     || total
---------------------------++-------
  Melee: Dagger            ||    28
         Tentacles         ||     5
         Constrict         ||     4
         Punch             ||     1
   Cast: Magic Dart        ||    18
         Blink             ||     1
   Stab: Sleeping          ||     4
 Armour: Skin              ||    15
  Dodge: Dodged            ||    30
